Map: Acolyte LE

Players

NerfopTerran - Winner!

  • Race: Zerg Zerg
  • League: Diamond
  • Spawn Location: 7:00

TeCumGuzzler

  • Race: Terran Terran
  • League: Master
  • Spawn Location: 1:00

VOD

Have the link to the VOD?

Description

Time

  • Played on: Sept. 3, 2017, 7:44 a.m.
  • Length: 17:09
Show
View Real Time Build Order
Export as new Build Order

NerfopTerran Zerg - Winner!

Build Orders: Hatch First 

Get SALT Encoding   

  12  0:01  Drone  
  13  0:12  Overlord  
  13  0:17  Drone  
  14  0:30  Drone x2  
  14  0:34  Drone  
  17  0:52  Hatchery  
  17  0:55  Drone  
  17  0:58  Drone  
  18  1:12  Spawning Pool  
  18  1:15  Drone  
  18  1:36  Hatchery  
  18  1:38  Drone  
  18  1:40  Drone  
  18  1:43  Drone  
  20  2:00  Zergling x2  
  20  2:01  Zergling x2  
  22  2:05  Queen  
  22  2:07  Queen  
  26  2:12  Overlord  
  26  2:16  Drone  
  26  2:18  Drone  
  28  2:36  Spore Crawler  
  27  2:37  Drone  
  27  2:38  Drone x3  
  31  2:47  Queen  
  31  2:49  Queen  
  34  3:00  Drone  
  34  3:01  Drone x5  
  40  3:08  Queen, Extractor  
  40  3:10  Overlord  
  42  3:15  Overlord  
  42  3:26  Extractor  
  41  3:28  Extractor, Drone  
  41  3:31  Drone x3  
  41  3:32  Drone x3  
  47  3:34  Drone  
  47  3:35  Drone x2  
  47  3:37  Drone  
  51  3:43  Drone x2  
  51  3:45  Overlord  
  53  3:57  Roach Warren  
  53  4:00  Evolution Chamber, Drone x5  
  56  4:08  Drone x2  
  56  4:09  Drone x3  
  61  4:14  Overlord  
  61  4:16  Overlord  
  61  4:31  Zerg Ground Armor Level 1  
  61  4:38  Extractor, Drone x2  
  60  4:39  Extractor, Drone x2  
  60  4:40  Drone x2  
  60  4:41  Overlord x3  
  60  4:42  Drone x3  
  68  4:46  Lair  
  68  4:47  Roach  
  70  4:53  Roach  
  70  4:59  Roach x2  
  76  5:08  Roach  
  76  5:09  Roach x2  
  82  5:15  Roach  
  82  5:16  Roach x2  
  88  5:25  Roach  
  88  5:26  Roach x4  
  75  5:43  Roach  
  75  5:44  Roach x5  
  78  5:51  Drone x7  
  78  5:53  Queen x3  
  91  5:58  Overlord  
  91  6:13  Drone  
  91  6:14  Drone x2  
  94  6:20  Drone x2  
  94  6:22  Evolution Chamber  
  94  6:25  Zerg Missile Weapons Level 1  
  95  6:29  Drone  
  95  6:30  Drone x8  
  104  6:33  Spore Crawler  
  104  6:34  Spore Crawler  
  104  6:39  Overlord x2  
  102  6:42  Extractor  
  102  6:44  Roach x2  
  102  6:45  Extractor  
  104  6:54  Zerg Ground Armor Level 2  
  104  6:55  Roach  
  104  7:00  Roach x3  
  112  7:03  Ravager x2  
  112  7:06  Glial Reconstitution  
  114  7:10  Overlord x3  
  114  7:11  Overlord x2  
  114  7:17  Spine Crawler  
  113  7:25  Overlord x2  
  113  7:31  Drone  
  113  7:32  Drone x2  
  113  7:34  Roach x4, Spore Crawler  
  123  7:37  Ravager x2  
  123  7:38  Ravager x3  
  128  7:44  Roach  
  128  7:45  Roach x5  
  140  8:00  Hatchery  
  140  8:05  Drone x3  
  139  8:06  Drone  
  139  8:07  Roach x6  
  152  8:18  Roach  
  152  8:19  Roach x7  
  168  8:26  Overlord  
  168  8:27  Overlord  
  168  8:29  Infestation Pit  
  168  8:31  Zerg Melee Weapons Level 1  
  168  8:33  Metabolic Boost  
  167  8:37  Overlord x3  
  167  8:39  Overseer  
  167  8:54  Roach x5  
  177  8:58  Ravager x2  
  177  8:59  Ravager x2  
  181  9:03  Ravager  
  182  9:17  Hive  
  182  9:35  Roach x8  
  198  9:52  Roach  
  170  9:53  Roach x12  
  153  10:11  Roach  
  153  10:12  Roach x3  
  153  10:22  Drone  
  153  10:23  Drone x11  
  153  10:24  Zerg Melee Weapons Level 2  
  165  10:36  Infestor  
  165  10:37  Infestor  
  165  10:38  Infestor  
  165  10:39  Spire  
  135  11:09  Drone  
  135  11:10  Drone x5  
  135  11:11  Drone x2  
  137  11:12  Extractor  
  137  11:13  Extractor  
  137  11:17  Infestor  
  137  11:24  Zerg Ground Armor Level 3  
  137  11:26  Ultralisk Cavern  
  137  11:28  Drone x2  
  137  11:29  Drone  
  137  11:30  Drone x3  
  142  11:34  Zergling x6  
  142  11:35  Zergling x12  
  151  11:40  Burrow  
  151  11:48  Hatchery  
  150  12:07  Greater Spire  
  150  12:19  Chitinous Plating  
  150  12:21  Ultralisk x3  
  150  12:22  Zergling x26  
  181  12:23  Zergling x8  
  185  12:30  Overlord x3  
  185  12:37  Extractor  
  185  12:38  Extractor  
  185  12:39  Ultralisk  
  181  13:02  Ravager x6  
  181  13:03  Ravager x5, Hatchery  
  181  13:05  Zergling x22  
  197  13:06  Zergling x2  
  164  13:27  Zergling x6  
  164  13:28  Zergling x22  
  138  13:46  Zergling x10  
  138  13:47  Zergling x4  
  136  13:57  Hatchery, Ultralisk  
  136  13:58  Ultralisk x3  
  159  14:03  Zerg Melee Weapons Level 3  
  159  14:11  Corruptor x2  
  159  14:12  Baneling Nest  
  159  14:13  Zergling x10  
  167  14:35  Ultralisk x3  
  167  14:36  Zergling x2  
  167  14:37  Zergling x24  
  190  15:07  Centrifical Hooks  
  184  15:14  Corruptor  
  184  15:15  Corruptor x6  
  182  15:47  Spine Crawler  
  182  15:49  Spine Crawler  
  162  15:50  Spine Crawler x2  
  162  15:52  Zergling x2  
  162  15:53  Ultralisk x5  
  162  15:54  Zergling x12  
  182  16:25  Ultralisk x3  
  200  16:32  Baneling x3  
  200  16:33  Baneling x8  
  200  16:43  Extractor  
  200  16:44  Extractor  
Show
View Real Time Build Order
Export as new Build Order

TeCumGuzzler Terran 

Build Orders: Reaper Expand, MMM Bio 

Get SALT Encoding   

  12  0:01  SCV  
  13  0:13  SCV  
  14  0:17  Supply Depot  
  14  0:25  SCV  
  15  0:39  SCV  
  15  0:41  Barracks  
  16  0:44  Refinery  
  16  0:51  SCV  
  17  1:03  SCV  
  18  1:15  SCV  
  19  1:27  Orbital Command  
  19  1:28  Reaper  
  20  1:42  Command Center  
  20  1:53  Barracks  
  20  1:55  SCV  
  20  2:00  Barracks Reactor  
  21  2:08  Supply Depot  
  21  2:09  SCV  
  22  2:17  Refinery  
  22  2:21  SCV  
  23  2:33  SCV  
  24  2:42  Barracks Tech Lab  
  24  2:45  SCV, Factory  
  25  2:58  SCV  
  26  2:59  Marine x2  
  26  3:03  Stimpack, Orbital Command  
  27  3:11  Marine  
  28  3:13  SCV  
  28  3:17  Marine x2  
  31  3:29  Marine  
  31  3:31  Factory Reactor  
  31  3:33  Starport  
  32  3:34  SCV  
  32  3:35  Marine x2  
  32  3:39  SCV  
  36  3:46  SCV  
  37  3:48  Supply Depot  
  37  3:49  Marine  
  37  3:51  SCV  
  37  3:52  Marine  
  40  3:58  SCV  
  40  4:00  Marine  
  42  4:04  SCV  
  42  4:07  Marine  
  44  4:10  SCV  
  44  4:11  Marine  
  44  4:15  Medivac x2  
  50  4:18  Marine, SCV  
  50  4:22  Supply Depot  
  52  4:24  Marine  
  52  4:26  Engineering Bay  
  52  4:27  Engineering Bay  
  52  4:29  Factory Reactor  
  52  4:30  SCV  
  54  4:43  Marine x2  
  54  4:44  SCV x2  
  58  4:56  Terran Infantry Armor Level 1, SCV x2, Terran Infantry Weapons Level 1  
  58  4:59  Command Center  
  60  5:02  Barracks, Marine  
  61  5:11  Barracks  
  62  5:14  SCV  
  62  5:16  Refinery  
  62  5:18  Supply Depot  
  62  5:19  Factory Reactor  
  62  5:26  SCV  
  55  5:54  Marine x3  
  59  6:00  SCV x2  
  59  6:03  Armory  
  60  6:05  Factory Tech Lab, Medivac  
  60  6:07  Barracks  
  60  6:09  Barracks  
  60  6:10  Barracks  
  61  6:14  SCV x2  
  61  6:18  Refinery  
  64  6:22  Orbital Command  
  64  6:24  Siege Tank  
  66  6:26  SCV x2  
  68  6:37  Marine x2  
  68  6:38  Marine x3  
  68  6:39  Medivac  
  75  6:42  SCV x2  
  75  6:45  Marine  
  75  6:46  Supply Depot x2  
  75  6:47  Combat Shields  
  78  6:56  Siege Tank  
  78  7:00  Orbital Command  
  81  7:06  Marine x3  
  81  7:07  Barracks Tech Lab x2  
  81  7:08  Marine, Barracks Reactor  
  84  7:14  Medivac  
  87  7:25  SCV  
  87  7:26  SCV x2  
  87  7:28  Siege Tank  
  93  7:36  Refinery x2  
  93  7:38  SCV  
  94  7:47  Marauder, Marine x3  
  94  7:48  Marauder  
  101  7:52  Supply Depot  
  101  7:53  Supply Depot  
  101  7:54  Medivac  
  101  7:55  Marine  
  101  7:57  SCV, Medivac  
  100  8:04  Siege Tank  
  100  8:06  SCV  
  100  8:11  Supply Depot x2  
  101  8:13  Supply Depot  
  101  8:14  SCV x2  
  101  8:18  SCV  
  104  8:20  Marauder x3, Marine x2  
  104  8:24  Medivac  
  104  8:26  SCV x2  
  116  8:29  Supply Depot  
  116  8:30  Supply Depot, SCV  
  116  8:31  Medivac  
  116  8:32  Terran Infantry Weapons Level 2  
  119  8:37  Terran Infantry Armor Level 2  
  119  8:38  SCV  
  120  8:45  Concussive Shells  
  120  8:52  Marine, Siege Tank  
  120  8:53  Marauder x2, Marine x2  
  130  8:56  SCV  
  129  9:17  Marauder x2, Marine x3  
  132  9:18  Medivac x2  
  132  9:19  SCV x2  
  141  9:24  Siege Tank  
  141  9:32  Marine x4  
  141  9:33  Marauder  
  141  9:37  Marine, SCV  
  141  9:38  Marauder x2, SCV  
  154  9:42  Command Center  
  154  9:49  Marine x3  
  138  9:54  Marauder  
  138  9:59  Marauder  
  122  10:00  Marauder  
  122  10:02  Marine x4  
  122  10:03  Marine  
  118  10:07  Marine x3  
  118  10:13  Unknown  
  118  10:14  Unknown  
  118  10:15  Marauder  
  118  10:20  Marine x3  
  118  10:21  Marauder x2  
  127  10:25  Marine x3  
  130  10:30  Siege Tank  
  130  10:33  Terran Vehicle Weapons Level 1  
  133  10:37  Marauder  
  133  10:39  Command Center  
  133  10:42  Marauder x2  
  116  10:58  Marauder  
  116  11:02  Siege Tank  
  116  11:04  Marauder  
  117  11:11  Marauder, Marine x4  
  116  11:12  Medivac x2  
  116  11:13  SCV x2  
  116  11:15  Command Center  
  116  11:16  Terran Infantry Weapons Level 3, Terran Infantry Armor Level 3  
  116  11:17  Marine  
  127  11:19  Marauder, Marine x2  
  127  11:25  Marauder  
  133  11:32  Marine x3  
  135  11:33  Marauder, Marine x2  
  135  11:34  Marine, Siege Tank  
  135  11:37  Marine  
  135  11:38  Marine  
  146  11:41  Marauder  
  146  11:46  Marauder  
  150  11:48  Medivac x2  
  150  11:50  Marine x3  
  157  12:06  Marauder x2, Marine x4  
  165  12:19  Supply Depot x2  
  165  12:21  Supply Depot  
  165  12:26  Marine, Siege Tank, SCV x2  
  165  12:27  Marauder  
  165  12:28  Marauder  
  104  13:52  Marine x4  
  104  13:53  Marauder x3, Marine x3  
  115  13:59  Planetary Fortress  
  115  14:03  Siege Tank, Medivac x2  
  115  14:05  Marine  
  115  14:07  Barracks  
  115  14:09  Terran Vehicle Weapons Level 2  
  123  14:10  Marine x2  
  123  14:11  Barracks  
  123  14:12  Barracks x2  
  123  14:14  Marauder x3  
  123  14:16  Command Center  
  131  14:17  Marine x4  
  131  14:18  Marine  
  131  14:22  Refinery  
  131  14:23  Marine  
  131  14:24  Refinery  
  137  14:28  Marine x2  
  137  14:29  Missile Turret  
  139  14:35  Marauder, Marine x2, Siege Tank  
  139  14:36  Marauder x2  
  150  14:50  Marine  
  150  14:51  Marine x5  
  156  14:57  Marauder x3  
  162  15:21  Marine x4  
  163  15:24  Ghost Academy  
  149  15:57  Marauder x2, Marine x8  
  147  15:58  Marauder  
  159  16:10  Siege Tank, Medivac x2  
  127  16:14  Planetary Fortress, Marine x2  
  127  16:15  Marine x6  
  123  16:19  Marauder x3  
  129  16:26  Barracks Reactor x3  
  129  16:32  Marine x3  
  130  16:33  Marine x5  
  130  16:38  Ghost Academy  
  137  16:40  Marauder x3  
  137  16:46  Refinery  
  145  16:47  Refinery  
  145  16:50  Marine x2  
Tags
 
Add a new tag
Caveats
  • Supply blocks, unpowered buildings, or Contaminate may cause inaccurate times.
  • Supply counts are checked every 10 seconds.